 Dungeon Crawl Stone Soup version 0.19-a0-1176-g1ecfaa6 (webtiles) character file.

517 Hikensha the Shooter (level 7, -1/40 HPs)
             Began as a Tengu Hunter on Aug 16, 2016.
             Slain by Edmund
             ... wielding a +1 flail of crushing
              (3 damage)
             ... on level 5 of the Dungeon on Aug 17, 2016.
             The game lasted 00:17:22 (5071 turns).

Hikensha the Shooter (Tengu Hunter)                 Turns: 5071, Time: 00:17:23

Health: -1/40      AC:  4    Str: 12    XL:     7   Next: 20%
Magic:  8/8        EV: 13    Int: 12    God:
Gold:   147        SH:  0    Dex: 23    Spells: 0 memorised, 6 levels left

rFire  . . .     SeeInvis .     a - +1 shortbow
rCold  . . .     Gourm    .     c - +1 leather armour
rNeg   . . .     Faith    .     (shield currently unavailable)
rPois  .         Spirit   .     (helmet restricted)
rElec  .         Dismiss  .     (no cloak)
rCorr  .         Reflect  .     (no gloves)
MR     .....     Harm     .     (boots unavailable)
Stlth  +++.......               (no amulet)
                                h - +3 ring of dexterity
                                j - +4 ring of dexterity

@: no status effects
A: beak, talons 3, able to fly 1
a: Fly


You were on level 5 of the Dungeon.
You were hungry.

You visited 1 branch of the dungeon, and saw 5 of its levels.

You collected 147 gold pieces.

Inventory:

Hand Weapons
 a - a +1 shortbow (weapon)
 b - a +0 short sword
Missiles
 d - 8 arrows (quivered)
Armour
 c - a +1 leather armour (worn)
Jewellery
 h - a +3 ring of dexterity (right hand)
 j - a +4 ring of dexterity (left hand)
Wands
 p - a wand of confusion (5/48)
 t - a wand of lightning (8/15)
Scrolls
 g - a scroll of magic mapping
 n - 3 scrolls of enchant armour
Potions
 e - a potion of degeneration {unknown}
 l - a potion of mutation {unknown}
 q - a potion of cancellation {unknown}
 r - 4 potions of curing {unknown}
Comestibles
 f - 4 bread rations
 i - 3 meat rations
 m - 2 royal jellies


   Skills:
 - Level 2.0 Fighting
 * Level 7.9 Bows
 - Level 2.1 Dodging
 + Level 4.6 Stealth


You had 6 spell levels left.
You didn't know any spells.

Dungeon Overview and Level Annotations

Branches:
Dungeon (5/15)
 Temple: D:4-7

Altars:
Makhleb
Qazlal

Annotations:
D:3 Grinder
D:5 Edmund, Sigmund


Innate Abilities, Weirdness & Mutations

You have a beak for a mouth.
You have claws for feet.
You can fly.


Message History

Press: ? - help, Shift-Dir - straight line, f/p - Edmund
Aim: Edmund, wielding a flail of crushing and wearing a ring mail (moderately wounded)
You shoot an arrow. The arrow hits Edmund.
Edmund is heavily wounded.
Edmund closely misses you.
Evoke which item? (* to show all) (? for menu, Esc to quit)
Zapping:
p - a wand of confusion (will waste charges)
Press: ? - help, Shift-Dir - straight line, f/p - Edmund
Aim: Edmund, wielding a flail of crushing and wearing a ring mail (heavily wounded, chance to defeat MR: 46%) Edmund resists with some effort.
Evoking this partially-identified wand wasted a few charges.
Edmund closely misses you.
Evoke which item? (* to show all) (? for menu, Esc to quit)
Zapping:
p - a wand of confusion {zapped: 3} (will waste charges)
Press: ? - help, Shift-Dir - straight line, f/p - Edmund
Aim: Edmund, wielding a flail of crushing and wearing a ring mail (heavily wounded, chance to defeat MR: 46%) Edmund resists with some effort.
Evoking this partially-identified wand wasted a few charges.
Edmund hits you with a flail of crushing.
You die...

#.#..
#....
#.#.#
#.#.#
#.#.#
#.#.#
#.#.#
#.#.#
#@#.#
#@#.#
#.#.#
#.#.#
#...#
#####


You could see Edmund.

Vanquished Creatures
  An ogre (D:4)
  A phantom (D:4)
  A hound (D:4)
  2 orc wizards (D:4)
  Ijyb (D:3)
  A hound skeleton (D:4)
  A howler monkey zombie (D:5)
  10 adders
  5 gnolls
  2 worms
  3 dart slugs
  2 giant geckos (D:3)
  6 orcs (D:4)
  A giant cockroach (D:3)
  6 goblins
  5 hobgoblins
  3 jackals (D:3)
  A quokka (D:3)
  4 ball pythons
  3 bats
  A giant gecko skeleton (D:4)
  2 giant newts (D:4)
  6 kobolds
  7 rats
75 creatures vanquished.

Notes
Turn   | Place    | Note
-------+----------+-------------------------------------------
     0 | D:1      | Hikensha the Tengu Hunter began the quest for the Orb.
     0 | D:1      | Reached XP level 1. HP: 12/12 MP: 2/2
   468 | D:1      | Reached XP level 2. HP: 6/17 MP: 3/3
   837 | D:1      | Reached skill level 5 in Bows
  1003 | D:2      | Reached XP level 3. HP: 11/21 MP: 4/4
  1485 | D:2      | Reached XP level 4. HP: 15/26 MP: 5/5
  2032 | D:3      | Noticed Grinder
  2044 | D:3      | Noticed Ijyb
  2211 | D:3      | Killed Ijyb
  2211 | D:3      | Reached skill level 6 in Bows
  2386 | D:3      | Gained mutation: You can fly. [Tengu growth]
  2386 | D:3      | Reached XP level 5. HP: 28/30 MP: 6/6
  3152 | D:4      | Noticed an ogre
  3222 | D:4      | Killed an ogre
  3222 | D:4      | Reached XP level 6. HP: 9/35 MP: 7/7
  3538 | D:4      | Reached skill level 7 in Bows
  3661 | D:4      | Upgraded the game from 0.19-a0-1170-g18f0c96 to 0.19-a0-1176-g1ecfaa6
  3991 | D:4      | Found a stormy altar of Qazlal.
  4522 | D:4      | Noticed a phantom
  4713 | D:4      | Killed a phantom
  4713 | D:4      | Reached XP level 7. HP: 37/40 MP: 8/8
  4859 | D:5      | Entered Level 5 of the Dungeon
  4910 | D:5      | Noticed Edmund
  4937 | D:5      | Found a burning altar of Makhleb.
  4991 | D:5      | Noticed Sigmund
  5059 | D:5      | HP: 2/40 [Edmund/flail of crushing (7)]
  5071 | D:5      | Slain by Edmund

Vault maps used:
D:1:      roderic_crossed_star
D:3:      uniq_iyjb, uniq_grinder
D:4:      lemuel_doored_altar, first_bread
D:5:      slow_altar_2, nicolae_overflow_hidden_temple, lemuel_crystal_altar,
          marbit_many_paths, uniq_sigmund, uniq_edmund

Skill      XL: |  1  2  3  4  5  6 |
---------------+-------------------+-----
Bows           | 5 6 7 |  7.9
Stealth        | 2 3 4 |  4.6
Fighting       | |  2.0
Dodging        | |  2.1

Action                   |  1- 3 |  4- 6 |  7- 9 || total
-------------------------+-------+-------+-------++-------
Melee: Short sword       |    71 |   114 |     6 ||   191
       Kick              |    10 |    42 |     3 ||    55
       Peck              |     7 |    20 |       ||    27
 Fire: Shortbow          |    17 |    85 |    21 ||   123
Evoke: Wand              |       |       |     2 ||     2
  Use: Scroll            |       |     2 |     5 ||     7
 Stab: Sleeping          |       |     6 |       ||     6
  Eat: Chunk             |     2 |    10 |       ||    12
Armor: Leather armour    |    22 |    34 |     3 ||    59
Dodge: Dodged            |    42 |    71 |    10 ||   123
